Cogmind - Beta 15 @@@ ROGUE MODE // 2025.05.12 @ 15:12:21 Player: 7604 Result: Destroyed by Explosive Trap Performance ------------- Evolutions (0) 0 Regions Visited (2) 400 Robots Destroyed (45) 225 Value Destroyed (803) 803 Prototype IDs (3) 60 Alien Tech Used (0) 0 Bonus (-41) -41 TOTAL SCORE: 1447 Bonus ------- Friendly Fire -41 Cogmind --------- Core Integrity 0/250 Matter 300/300 Energy 99/100 System Corruption 1% Temperature Cool (0) Movement Rolling (200) Ox8 Location -10/Mines Parts ------- > --- POWER (1) -------- (None) > --- PROPULSION (2) --- Wheel > --- UTILITY (2) ------ Huge Storage Unit Improved Terrain Scanner > --- WEAPON (2) ------- Mini Grenade Launcher Mini Grenade Launcher > --- INVENTORY (25) --- Light Nuclear Core Light Nuclear Core Light Treads Light Treads Light Treads Light Treads Light Treads Scrap Suit Experimental Sensor Array Improved Terrain Scanner Seismic Detector Seismic Detector Seismic Detector Seismic Detector Hacking Suite Improved Trap Extractor (0/6) Improved Assault Rifle Improved Assault Rifle Improved Assault Rifle Improved Assault Rifle Mini Grenade Launcher Datajack Flail Peak State ------------ > --- POWER ------------ Light Nuclear Core > --- PROPULSION ------- Light Treads Light Treads > --- UTILITY ---------- Huge Storage Unit Improved Terrain Scanner > --- WEAPON ----------- Improved Assault Rifle Improved Assault Rifle > --- INVENTORY -------- Ion Engine Light Nuclear Core Light Nuclear Core Light Treads Light Treads Light Treads Light Treads Seismic Detector Seismic Detector Seismic Detector Seismic Detector Hacking Suite Improved Assault Rifle Improved Assault Rifle Mini Grenade Launcher Mini Grenade Launcher Mini Grenade Launcher Datajack Flail [Rating: 18] Favorites ----------- Power Light Nuclear Core Engine Ion Engine Power Core Light Nuclear Core Propulsion Light Treads Treads Light Treads Wheel Wheel Utility Seismic Detector Device Seismic Detector Storage Huge Storage Unit Weapon Improved Assault Rifle Energy Gun Small Laser Ballistic Gun Improved Assault Rifle Launcher Mini Grenade Launcher Special Weapon Mining Laser Build | -11 -10 -10 ------- Run | Yrd Mat Min Slots Evolved . | . . . Power . | . . . Propulsion . | . . . Utility . | . . . Weapon . | . . . Parts Attached 24 | 7 10 7 Power 3 | 1 1 1 Engine 1 | 1 . . Core 2 | . 1 1 Reactor . | . . . Propulsion 7 | 2 2 3 Treads 5 | 2 2 1 Leg . | . . . Wheel 2 | . . 2 Hover . | . . . Flight . | . . . Utility 7 | 2 3 2 Device 4 | 1 1 2 Storage 3 | 1 2 . Processor . | . . . Hackware . | . . . Protection . | . . . Artifact . | . . . Weapon 7 | 2 4 1 Energy Gun 1 | 1 . . Energy Cannon . | . . . Ballistic Gun 3 | 1 2 . Ballistic Cannon . | . . . Launcher 2 | . 1 1 Special Weapon 1 | . 1 . Impact Weapon . | . . . Slashing Weapon . | . . . Piercing Weapon . | . . . Special Melee Weapon . | . . . Unidentified Prototypes 1 | . 1 . Corrupted Parts 1 | . 1 . System Corruption 1 | . 1 . Parts Lost 1 | . . 1 Power . | . . . Propulsion 1 | . . 1 Utility . | . . . Weapon . | . . . Highest Loss Streak 1 | . . 1 To Critical Strikes . | . . . Average Backups 14 | 3 13 18 Power 1 | . 1 2 Propulsion 3 | . 3 3 Utility 4 | 2 4 5 Weapon 3 | . 3 6 Tool/Special . | . . . Unused Backups 17 | . 2 15 Power 2 | . . 2 Propulsion 2 | . . 2 Utility 6 | . . 6 Weapon 6 | . 2 4 Tool/Special 1 | . . 1 Average Slot Usage (%) 100 | . 100 100 Engine 3 | . 5 . Core 10 | . 8 14 Treads 24 | . 28 18 Wheel 3 | . . 9 Device 14 | . 14 14 Storage 14 | . 14 14 Ballistic Gun 21 | . 26 12 Launcher 5 | . . 15 Peak Build Rating 18 | 7 16 18 Average Rating 13 | 6 13 17 On Entrance 7 | . 7 16 Naked Turns . | . . . Heaviest Build 92 | 14 92 92 Greatest Support 40 | 40 40 40 Greatest Overweight (x) 8 | . 2 8 Average Overweight (x) . | . . 3 Largest Inventory Capacity 25 | 8 25 25 Average Capacity 18 | 7 16 25 Most Carried 24 | 7 19 24 Average Carried 14 | 3 13 18 Final Capacity 25 | 8 25 25 Final Carried 24 | 7 18 24 Class Distribution -------------------- 89% | Mutant 10% | Scavenger-Mutant Dominant Class ---------------- Mutant | -10/Materials Mutant | -10/Mines Resources | -11 -10 -10 ----------- Run | Yrd Mat Min Matter Collected 1227 | 304 466 457 Remotely . | . . . Salvage Created 1165 | 186 828 151 Parts 99 | 19 62 18 Haulers Intercepted 2 | . 2 . Recyclers Shooed 1 | 1 . . Parts Field Recycled . | . . . Retrieved Matter . | . . . Parts Self-Destructed . | . . . Prevented . | . . . Kills | -11 -10 -10 ------- Run | Yrd Mat Min Combat Hostiles Destroyed 34 | . 17 17 Guns 21 | . 17 4 AOE 13 | . . 13 Classes Destroyed 11 | 1 7 3 Worker 6 | . 1 5 Builder 2 | . . 2 Tunneler 8 | 8 . . Hauler 2 | . 2 . Recycler 1 | . 1 . Operator 2 | . 2 . Watcher 3 | . 3 . Swarmer 6 | . 6 . Grunt 13 | . 11 2 Demolisher 2 | . . 2 Assembled 13 | . . 13 Best Kill Streak 7 | 2 3 7 Combat Bots Only 3 | . 2 3 Max Kills in Single Turn 4 | 2 2 4 Gunslinging 1 | . 1 . Exploded 2 | . . 2 Melee . | . . . Uniques/NPCs Destroyed . | . . . Combat | -11 -10 -10 -------- Run | Yrd Mat Min Hostile Shots Fired 62 | . 35 27 Missed 15 | . 7 8 Hits 47 | . 28 19 Projectile 47 | . 28 19 AOE 9 | . . 9 Damage Taken 942 | . 301 641 Core 260 | . 48 212 Absorbed by Shields . | . . . Core Remaining (%) 100 | 100 . . Volleys Fired 92 | 12 57 23 Largest 2 | 2 2 2 Hottest 100 | 60 100 60 Shots Fired 175 | 24 104 47 Gun 132 | 24 94 14 Cannon . | . . . Launcher 34 | . 1 33 Special 9 | . 9 . Kinetic 120 | 12 94 14 Thermal 21 | 12 9 . Explosive 34 | . 1 33 Electromagnetic . | . . . Robot Hit Streak 19 | 13 19 7 Robot Miss Streak 6 | 2 1 6 Penetration Max . | . . . Secondary Targets 3 | . 2 1 Max Gunslinging Chain 1 | . 1 1 Shots Hit Robots 96 | 17 69 10 Core Hits 87 | 9 34 44 Critical Kills . | . . . Critical Parts Destroyed . | . . . Critical Strikes . | . . . Melee Attacks . | . . . Impact . | . . . Slashing . | . . . Piercing . | . . . Sneak Attacks . | . . . Combat Hostiles . | . . . Follow-up Attacks . | . . . Damage Inflicted 2596 | 220 1088 1288 Guns 1389 | 219 1018 152 Cannons . | . . . Explosions 1184 | . 48 1136 Melee . | . . . Ramming 23 | 1 22 . Kinetic 1270 | 100 1018 152 Thermal 119 | 119 . . Explosive 1184 | . 48 1136 Electromagnetic . | . . . Impact . | . . . Slashing . | . . . Piercing . | . . . Highest Corruption 1 | . 1 1 Average Corruption 1 | . 1 1 Corruption Purged . | . . . Corruption Blocked . | . . . Effects 11 | . 4 7 Message Errors 5 | . 1 4 Matter Fused 1 | . . 1 Heat Flow Errors 3 | . 2 1 Data Loss (major) 1 | . 1 . Misfires 1 | . . 1 Overload Shots . | . . . Overflow Damage 17 | . . 17 Projectiles . | . . . Explosions 17 | . . 17 Melee . | . . . Knockbacks . | . . . Impact . | . . . Kinetic . | . . . Secondary . | . . . Self-Inflicted Damage 140 | . . 140 Shots 5 | . . 5 Rammed 5 | 1 4 . Targets Rammed 5 | 1 4 . Kicked . | . . . Crushed . | . . . Highest Temperature 279 | . 279 237 Average Temperature 43 | . 47 37 Received Heat Transfer 205 | . 135 70 Siege Activations . | . . . Martial Activations . | . . . Shielding Activations . | . . . Robots Disrupted . | . . . Combat Hostiles . | . . . Robots Corrupted . | . . . Combat Hostiles . | . . . Parts Fried . | . . . Impact Corruptions . | . . . Robots Melted . | . . . Combat Hostiles . | . . . Parts Melted . | . . . Heat Transferred 275 | 275 . . Parts Sabotaged . | . . . Parts Stolen . | . . . Parts Stripped . | . . . Power Chain Reactions . | . . . Alert | -11 -10 -10 ------- Run | Yrd Mat Min Maximum Alert Level 1 | . 1 . Low Security (%) 94 | 100 90 100 Level 1 5 | . 9 . Level 2 . | . . . Level 3 . | . . . Level 4 . | . . . Level 5 . | . . . High Security . | . . . Max Security . | . . . Peak Influence 213 | 10 213 100 Initial 60 | . . 60 Average 59 | . 87 21 Influence Increases 912 | 40 596 276 Destroy 0b10 Robot/C 420 | . 340 80 Destroy 0b10 Robot/NC 115 | 40 40 35 Destroy Leader 120 | . 100 20 Successful Hack 18 | . 18 . Select Force Hacks 30 | . 30 . Disable Machine 15 | . 15 . Destroy Structure 164 | . 23 141 Lose Combat Pursuer 30 | . 30 . Influence Decreases 902 | 40 441 421 Entered New Map 95 | . . 95 Time Decay 797 | 40 441 316 Lost Part 10 | . . 10 Squads Dispatched 5 | . 5 . Investigation 4 | . 4 . Extermination . | . . . Reinforcement 1 | . 1 . Assault . | . . . Garrison . | . . . Intercept . | . . . Searches Triggered . | . . . Construction Impeded . | . . . Haulers Reinforced . | . . . Active Scanning Responses . | . . . Cargo Convoy Interrupts . | . . . Stealth | -11 -10 -10 --------- Run | Yrd Mat Min Distress Signals 2 | . 2 . Communications Jammed . | . . . Distress Signals . | . . . Times Spotted 44 | . 28 16 Peak Tracking Total 3 | . 3 2 Tactical Retreats 2 | . 1 1 Traps | -11 -10 -10 ------- Run | Yrd Mat Min Traps Triggered 3 | . 1 2 Indirectly . | . . . Trap Hack Attempts . | . . . Triggered . | . . . Disarmed . | . . . Reprogrammed . | . . . Reused . | . . . Traps Extracted . | . . . Installed . | . . . Triggered . | . . . Machines | -11 -10 -10 ---------- Run | Yrd Mat Min Machines Disabled 1 | . 1 . Max in Single Turn 1 | . 1 . Machines Repaired . | . . . Machines Dismantled . | . . . Machines Sabotaged . | . . . Overloaded Fab Kills . | . . . Hacking | -11 -10 -10 --------- Run | Yrd Mat Min Machines Accessed 9 | . 8 1 Terminals 7 | . 7 . Fabricators . | . . . Repair Stations . | . . . Recycling Units 1 | . 1 . Scanalyzers . | . . . Garrison Access . | . . . Total Hacks 29 | . 28 1 Successful 14 | . 13 1 Failed 14 | . 14 . Catastrophic 1 | . 1 . Database Lockouts 1 | . 1 . Manual 22 | . 22 . Terminals 24 | . 24 . Fabricators . | . . . Repair Stations . | . . . Recycling Units 4 | . 4 . Scanalyzers . | . . . Garrison Access . | . . . Terminal Hacks 4 | . 3 1 Robot Schematic 1 | . 1 . Prototype ID Bank 1 | . 1 . Open Door 1 | . . 1 Locate Traps 1 | . 1 . Fabricator Hacks . | . . . Repair Station Hacks . | . . . Recycling Unit Hacks 1 | . 1 . Retrieve Components 1 | . 1 . Scanalyzer . | . . . Garrison Access Hacks . | . . . Unauthorized Hacks 9 | . 9 . Terminals 8 | . 8 . Assimilate 1 | . 1 . Botnet 1 | . 1 . Operators 1 | . 1 . Skim 5 | . 5 . Fabricators . | . . . Repair Stations . | . . . Recycling Units 1 | . 1 . Tunnel 1 | . 1 . Scanalyzers . | . . . Garrison Access . | . . . Data Cores Recovered . | . . . Used . | . . . Hacking Detections 8 | . 8 . Full Trace Events 1 | . 1 . Feedback Events . | . . . Feedback Blocked . | . . . Robot Schematics Acquired 1 | . 1 . Robots Built . | . . . Authchips . | . . . Time . | . . . Total Robot Build Rating . | . . . Part Schematics Acquired . | . . . Parts Built . | . . . Authchips . | . . . Time . | . . . Total Part Build Rating . | . . . Parts Repaired . | . . . Time . | . . . Parts Recycled . | . . . Recycled Matter . | . . . Retrieved Matter . | . . . Retrieved Components 9 | . 9 . Parts Scanalyzed . | . . . Part Schematics Acquired . | . . . Parts Damaged . | . . . Bothacking | -11 -10 -10 ------------ Run | Yrd Mat Min Used RIF Installer . | . . . Robots Hacked . | . . . Non-combat . | . . . Combat . | . . . Robot Hacks Applied . | . . . Relay Couplers Released . | . . . Fabnet Peak Effective % . | . . . Robots Rewired . | . . . Allies Hacked . | . . . Hacks Repelled . | . . . Allies | -11 -10 -10 -------- Run | Yrd Mat Min Total Allies 2 | . 1 1 Largest Group 1 | . 1 1 Highest-Rated Group 31 | . 10 31 Highest-Rated Ally 31 | . 10 31 Total Orders . | . . . Ally Attacks . | . . . Total Damage . | . . . Kills . | . . . Allies Corrupted . | . . . Allies Melted . | . . . Intel | -11 -10 -10 ------- Run | Yrd Mat Min Active Infowar (turns) 4064 | 300 2462 1302 Terrain 1208 | . . 1208 Seismic 2856 | 300 2462 94 Robot Analysis Total . | . . . Derelict Logs Recovered 1 | . . 1 Drone Launches . | . . . Drone Recoveries . | . . . Exploration | -11 -10 -10 ------------- Run | Yrd Mat Min Turns Passed 4144 | 380 2462 1302 Spaces Moved 1794 | 202 1134 458 Core 6 | 6 . . Treads 1518 | 196 1134 188 Legs . | . . . Wheels 270 | . . 270 Hover . | . . . Flight . | . . . Fastest Speed 50 | 50 160 140 Average Speed 187 | 156 181 214 Slowest Speed 320 | 160 320 320 Overloaded Moves . | . . . Propulsion Burnouts . | . . . Robots Hopped . | . . . Potential Cave-ins . | . . . Cave-ins Triggered . | . . . Exploration Rate (%) 63 | 9 97 84 Regions Visited 2 Branch Regions 1 Pre-discovered Areas 1 | . 1 . Known Exits Taken . | . . . Unknown Exits Taken 2 | 1 1 . Scrap Searched 1 | . . 1 Spaces Dug 85 | . 9 76 Terrain Destroyed 244 | . 20 224 Melee . | . . . Projectile 9 | . 9 . AOE 235 | . 11 224 Terrain Rammed . | . . . Walls Destroyed . | . . . Machines Disabled . | . . . Actions | -11 -10 -10 --------- Run | Yrd Mat Min Total 2377 | 238 1408 731 Wait 416 | 9 171 236 Move 1792 | 201 1133 458 Hop . | . . . Pick Up 26 | 8 15 3 Fast Attach 10 | 6 2 2 Attach 2 | 1 . 1 Detach 2 | . . 2 Swap 21 | . 16 5 Drop 11 | . 10 1 Fire 92 | 12 57 23 Melee . | . . . Ram . | . . . Kick . | . . . Crush 5 | 1 4 . Escape Stasis . | . . . Rewire . | . . . Trap . | . . . Miscellaneous . | . . . Route ------- -11/Scrapyard -10/Materials (discovered 5 exits: [*Mat x3] / *Min x2) -10/Mines (discovered 3 exits: [*Mat x2] / [Sub]) History --------- Turn | Location | Event 4 | -11/Scrapyard | Discovered new exit (range 15) 381 | -11/Scrapyard | Entered Materials 382 | -10/Materials | Build established: Mutant 1011 | -10/Materials | Discovered new exit (range 16) 1107 | -10/Materials | Discovered new exit (range 11) 1815 | -10/Materials | Central database locked down 1824 | -10/Materials | Discovered new exit (range 16) 1986 | -10/Materials | Discovered new exit (range 3) 2297 | -10/Materials | Discovered new exit (range 15) 2843 | -10/Materials | Entered Mines 2916 | -10/Mines | Assembled infested the area 3055 | -10/Mines | Discovered new exit (range 7) 3159 | -10/Mines | Discovered new exit (range 13) 3720 | -10/Mines | Core integrity fell below 50% 3823 | -10/Mines | Found a Scrap Suit stashed away for nefarious purposes 3826 | -10/Mines | Found Scrap Suit 3856 | -10/Mines | Received a Mining Laser from a helpful Derelict 3946 | -10/Mines | Core integrity fell below 20% 4003 | -10/Mines | Build established: Scavenger-Mutant 4044 | -10/Mines | Found a damaged Exp. Sensor Array with a note attached 4047 | -10/Mines | Found Prototype Device 4068 | -10/Mines | Discovered new exit (range 6) 4105 | -10/Mines | Learned Materials emergency access door positions 4126 | -10/Mines | Met a Derelict who couldn't figure out how to use a Trap Extractor 4145 | -10/Mines | Destroyed by Explosive Trap Last Messages --------------- from here!" 04117_ IY-2H7(g) slips back into the shadows. 04125_ Connecting with SHOP.Sys... 04125_ Current location identified: Mines >>Open Door Sealed Doors opened. 04126_ AY-DTA(g): "So I found this thing but I have no idea how to use it. And who the hell trapped this place to begin with?!" 04126_ AY-DTA(g): "I give up! Here you try, I'm outta here before something nasty happens..." 04126_ Tosses Imp. Trap Extractor to the ground. 04143_ Triggered Blade Trap. 04143_ Massive razor-sharp blades shoot up from within the floor. 04143_ Wheel severed. 04143_ Lgt. Nuclear Core severed. 04144_ Acquired Imp. Trap Extractor. 04145_ Triggered Explosive Trap. 04145_ An explosion rips through the floor. Map ----- +----------------------------------------------------+ | # !%!## ###???#?## %####### #### ##??##? | | ! ###?????### ! *= ### ##???? | | # ###?#???## ## %= ###?#? | | [ #??????# % ### % #??### | | # ###?????# % !### % #?#??? | | ### #???????# # # %<% ###??? | | #### # ##??##??## % #%# ##?#### | | #?# # ## ##??# % # ###?????? | | #### = #??## ! % ## ##??#???#? | | #=%= * *#??#### * #???#???#? | | #%## # ### *%!#????# !!= ! ##????????? | | #%### #?#? =* #???### * = ####????#??? | | # ## # #???? ?????## = ** #???????##?? | | # ###### ##????? "?#???## = ##??#??????? | | # ##??# #??????? ??????#?### # ####????#???? | | #### #??????????????#???####### ##????#??????? | | ## #????????????##??????????###????#???????? | | = ## #??#??????#???##???#??#????#??????????#?? | | = ###????#???#??????#?????#?##???#?#??????? | | ##=!*#????????????#?#???##?????????#???????? | | ### ####%#?????????#??##???#?#???????????#?????? | | #####??#%#???????????######???#?#??#???????????? | | ###??????#!#?#????????##""""##????????????????#??? | | ##???????#%#??????????#"[*]["#????#?????????#????? | | #????????# ##?#####??##"!^*="#?#???#?#?? ????????? | | ????????##|*###! ##?### @ [#????????????????????? | | ?#?????##!=%!%!% ### ## *#####?#???????#???????? | | #??????# *% %! % X ##????????????????? | | ???????### * ! %%=% #????????????????? | | ?????????## * !%**####% #????????????????? | | ????#?????#!% !==%#??# ##????????????????? | | ??#####???## !=!*#??# #?????? ??????????? | | ??# * ???####!=!!#??# $ ??????????? | | ??# ??????##%=!##?## ??????????? | | ??? %???????##!=!%#?### ###### ??????????? | | #??